 Dungeon Crawl Stone Soup version 0.20.0-15-g7f486f2 (webtiles) character file.

2330 vishdafish the Cudgeler (level 9, 0/54 HPs)
             Began as a Gargoyle Fighter on June 24, 2017.
             Was a Believer of Okawaru.
             Slain by a spriggan baker
             ... wielding a +0 dagger
              (4 damage)
             ... on level 7 of the Dungeon.
             The game lasted 00:09:22 (7048 turns).

vishdafish the Cudgeler (Gargoyle Fighter)          Turns: 7048, Time: 00:09:22

Health: 0/54       AC: 15    Str: 22    XL:     9   Next: 42%
Magic:  9/9        EV:  9    Int:  8    God:    Okawaru [**....]
Gold:   271        SH: 11    Dex: 11    Spells: 8/8 levels left

rFire    . . .     SeeInvis .   a - +0 flail
rCold    . . .     Gourm    .   c - +0 shield
rNeg     + . .     Faith    .   b - +0 scale mail
rPois    ∞         Spirit   .   u - +0 helmet
rElec    +         Reflect  .   A - +0 cloak
rCorr    .         Harm     .   (no gloves)
MR       .....                  (no boots)
Stlth    ..........             (no amulet)
Regen    0.2/turn               o - ring of flight
MPRegen  0.2/turn               (no ring)

@: hasted, very quick
A: negative energy resistance 1, electricity resistance, unbreathing,
petrification resistance, rot immunity, AC +5
a: Heroism, Renounce Religion, Evoke Flight


You were on level 7 of the Dungeon.
You worshipped Okawaru.
Okawaru was pleased with you.
You were not hungry.

You visited 2 branches of the dungeon, and saw 8 of its levels.

You collected 271 gold pieces.

Inventory:

Hand Weapons
 a - a +0 flail (weapon)
Armour
 b - a +0 scale mail (worn)
 c - a +0 shield (worn)
 u - a +0 helmet (worn)
 A - a +0 cloak (worn)
Jewellery
 h - a +3 ring of dexterity {unknown}
 j - an uncursed ring of positive energy {unknown}
 o - a ring of flight (left hand)
Wands
 d - a wand of paralysis (10/24)
 w - a wand of clouds (7/9)
 y - a wand of random effects (31/48)
 D - a wand of enslavement (13/24)
Scrolls
 g - a scroll of fog {unknown}
 i - 4 scrolls of noise {unknown}
 k - 6 scrolls of identify {unknown}
 l - 2 scrolls of immolation {unknown}
 m - 4 scrolls of enchant armour {unknown}
 n - 2 scrolls of remove curse {unknown}
 p - a scroll of blinking {unknown}
 s - 2 scrolls of amnesia {unknown}
 t - 2 scrolls of magic mapping {unknown}
 B - 3 scrolls of teleportation {unknown}
 C - a scroll of enchant weapon {unknown}
 E - a scroll of fear {unknown}
Potions
 e - a potion of resistance {unknown}
 q - a potion of mutation {unknown}
 r - a potion of degeneration {unknown}
 x - a potion of haste
 z - 4 potions of cancellation
Comestibles
 f - 3 bread rations
 v - a royal jelly


   Skills:
 + Level 5.5 Fighting
 + Level 7.8 Maces & Flails
 + Level 6.4 Armour
 + Level 2.9 Dodging
 + Level 0.8 Stealth
 + Level 7.3 Shields


You had 8 spell levels left.
You didn't know any spells.

Dungeon Overview and Level Annotations

Branches:
Dungeon (7/15)             Temple (1/1) D:5

Altars:
Ashenzari
Cheibriados
Dithmenos
Elyvilon
Fedhas
Gozag
Hepliaklqana
Kikubaaqudgha
Makhleb
Nemelex Xobeh
Okawaru
Qazlal
Ru
Sif Muna
Trog
Uskayaw
Vehumet
Xom
Yredelemnul
Zin
The Shining One

Shops:
D:5 *


Innate Abilities, Weirdness & Mutations

You are resistant to torment.
Your stone body is resilient. (AC +5)
You are immune to poison.
You resist negative energy. (rN+)
You are resistant to electric shocks. (rElec)
You can survive without breathing.
You are immune to petrification.
You are immune to rotting.


Message History

You miss the spriggan baker.
The spriggan baker is almost dead.
You miss the spriggan baker.
The spriggan baker is almost dead.
You block the spriggan baker's attack.
You barely miss the spriggan baker.
The spriggan baker is severely wounded.
You block the spriggan baker's attack.
You hit the spriggan baker.
The spriggan baker is almost dead.
You block the spriggan baker's attack.
You miss the spriggan baker.
The spriggan baker is almost dead.
You closely miss the spriggan baker.
The spriggan baker is almost dead.
The spriggan baker hits you but does no damage.
Your shield and scale mail prevent you from hitting the spriggan baker.
The spriggan baker is almost dead.
The spriggan baker hits you with a dagger.
You die...

...................#....#.......#
.................#...........#...
....................#####...###..
...................## #........
...................## ##.......
...........)........## ##.#####.
..................#..## #.. ##..
........)..........#...##.####...
.......(........@.####......##...
...........####i### #..........
..........# #.. #..........
..........# ##. ##.........
..........# %% ##..........
..........# ## ##..........#
........... #..........##
#..........## #...........#


You could see a spriggan baker.

Vanquished Creatures
  The ghost of protoss039 the Thaumaturge, a novice DECj (D:6)
  A hungry ghost (D:7)
  Duvessa (D:7)
  2 ice beasts (D:5)
  A necrophage (D:5)
  Dowan (D:7)
  2 scorpions
  4 wights (D:6)
  3 crimson imps
  2 jellies (D:6)
  A centaur zombie (D:5)
  3 hounds
  3 orc priests
  A bullfrog skeleton (D:6)
  A centaur skeleton (D:4)
  4 iguanas
  2 orc wizards
  6 worker ants
  2 hound skeletons
  9 gnolls
  15 adders
  2 shadow imps (D:5)
  An ooze (D:3)
  An adder skeleton (D:4)
  An adder zombie (D:6)
  4 worms
  4 dart slugs (D:1)
  2 leopard geckos
  8 orcs
  7 bats
  7 giant cockroaches
  8 goblins
  7 hobgoblins
  7 jackals
  A quokka (D:3)
  A ball python (D:3)
  8 frilled lizards
  8 kobolds
  11 rats
153 creatures vanquished.

Notes
Turn   | Place    | Note
-------+----------+-------------------------------------------
     0 | D:1      | vishdafish the Gargoyle Fighter began the quest for the Orb.
     0 | D:1      | Reached XP level 1. HP: 14/14 MP: 1/1
   171 | D:1      | Reached XP level 2. HP: 17/19 MP: 2/2
   498 | D:1      | Reached XP level 3. HP: 17/23 MP: 3/3
  1350 | D:2      | Reached XP level 4. HP: 21/29 MP: 4/4
  2194 | D:3      | Reached XP level 5. HP: 13/33 MP: 5/5
  2211 | D:3      | Found a radiant altar of Vehumet.
  2212 | D:3      | Found a shadowy altar of Dithmenos.
  2644 | D:3      | Found a shimmering altar of Xom.
  2644 | D:3      | Found a burning altar of Makhleb.
  2649 | D:3      | Paralysed by a crimson imp for 4 turns
  2663 | D:3      | Reached skill level 1 in Dodging
  3225 | D:4      | Reached XP level 6. HP: 32/38 MP: 6/6
  4135 | D:4      | Reached XP level 7. HP: 44/44 MP: 7/7
  4140 | D:4      | Reached skill level 5 in Shields
  4244 | D:5      | Entered Level 5 of the Dungeon
  4502 | D:5      | Reached skill level 5 in Maces & Flails
  4633 | D:5      | Found Qakoen's Assorted Antiques.
  4703 | D:5      | Found a staircase to the Ecumenical Temple.
  4736 | Temple   | Entered the Ecumenical Temple
  4835 | Temple   | Became a worshipper of Warmaster Okawaru
  5069 | D:5      | Reached skill level 5 in Armour
  5069 | D:5      | Reached XP level 8. HP: 35/48 MP: 8/8
  5743 | D:5      | Reached skill level 5 in Fighting
  5848 | D:6      | Reached * piety under Okawaru
  5974 | D:6      | Noticed protoss039's ghost (novice DECj)
  6009 | D:6      | Killed protoss039's ghost
  6009 | D:6      | Reached XP level 9. HP: 34/54 MP: 9/9
  6903 | D:7      | Reached ** piety under Okawaru
  6972 | D:7      | Noticed Dowan
  6974 | D:7      | Noticed Duvessa
  6984 | D:7      | Killed Duvessa
  6994 | D:7      | Killed Dowan
  7036 | D:7      | HP: 2/54 [spriggan baker/dagger (1)]
  7048 | D:7      | Slain by a spriggan baker

Skill      XL: |  1  2  3  4  5  6  7  8  9 |
---------------+----------------------------+-----
Shields        | 4 5 7 |  7.3
Maces & Flails | 3 4 5 7 |  7.8
Armour         | 4 5 6 |  6.4
Fighting       | 4 5 |  5.5
Dodging        | 1 2 |  2.9
Stealth        | |  0.8

Action                   |  1- 3 |  4- 6 |  7- 9 || total
-------------------------+-------+-------+-------++-------
Melee: Flail             |   144 |   274 |   450 ||   868
  Use: Potion            |       |       |     5 ||     5
  Eat: Bread ration      |     1 |       |     3 ||     4
       Meat ration       |       |     2 |     1 ||     3
       Royal jelly       |       |       |     1 ||     1
Armor: Scale mail        |    98 |   151 |   204 ||   453
Dodge: Dodged            |    47 |    97 |   118 ||   262
Block: Shield            |    81 |   181 |   218 ||   480
